 Dungeon Crawl Stone Soup version 0.29.1-1-gd02db6906a (webtiles) character file.

Game seed: 11334895680130411252

15 Powertoast the Chiller (level 2, -1/22 HPs)
             Began as a Naga Ice Elementalist on Sept 19, 2022.
             Killed from afar by Natasha (7 damage)
             ... with a magic dart
             ... on level 2 of the Dungeon.
             The game lasted 00:02:54 (972 turns).

Powertoast the Chiller (Naga Ice Elementalist)       Turns: 972, Time: 00:02:55

Health: -1/22      AC:  1    Str: 10    XL:     2   Next: 50%
Magic:  1/5        EV: 10    Int: 15    God:
Gold:   30         SH:  0    Dex: 11    Spells: 4/5 levels left

rFire   . . .      SeeInvis +   c - +0 quarterstaff (drain)
rCold   . . .      Faith    .   (shield currently unavailable)
rNeg    . . .      Spirit   .   a - +0 robe
rPois   +          Reflect  .   (no helmet)
rElec   .          Harm     .   (no cloak)
rCorr   .          Rampage  .   (no gloves)
Will    .....                   (no barding)
Stlth   ++........              (no amulet)
HPRegen 0.07/turn               (no ring)
MPRegen 0.09/turn               (no ring)

@: very slow
A: AC +0, large, see invisible, deformed body, poison resistance, slowness 2,
spit poison 1, naga tail 1
a: Spit Poison


You were on level 2 of the Dungeon.
You visited 1 branch of the dungeon, and saw 2 of its levels.

You collected 30 gold pieces.

Inventory:

Hand Weapons
 c - a +0 quarterstaff of draining (weapon)
Armour
 a - a +0 robe (worn)
Scrolls
 e - a scroll of identify {unknown}
 f - a scroll of poison {unknown}
 g - a scroll of silence {unknown}
Potions
 b - a potion of magic
 d - a potion of cancellation {unknown}
 h - a potion of mutation {unknown}


   Skills:
 - Level 1.7 Dodging
 - Level 3.2 Stealth
 + Level 2.2 Spellcasting
 * Level 4.3 Ice Magic


You had 4 spell levels left.
You knew the following spells:

 Your Spells              Type           Power      Damage    Failure   Level
a - Freeze                Ice            56%        1d7       3%          1

Your spell library contained the following spells:

 Spells                   Type           Power      Damage    Failure   Level
 Frozen Ramparts          Ice            28%        1d5       11%         3
 Ozocubu's Armour         Ice            14%        N/A       11%         3
 Ensorcelled Hibernation  Hex/Ice        16%        N/A       14%         2
 Passwall                 Tmut/Erth      0%         N/A       32%         2
 Swiftness                Air            1%         N/A       54%         3
 Hailstorm                Conj/Ice       8%         3d4       65%         4


Dungeon Overview and Level Annotations

Branches:
Dungeon (2/15)

Altars:

Annotations:
D:2 Natasha


Innate Abilities, Weirdness & Mutations

Your serpentine skin is tough. (AC +0)
You have supernaturally acute eyesight. (SInv)
Armour fits poorly on your strangely shaped body.
Your system is resistant to poisons. (rPois)
You cover ground very slowly.
You can spit poison.
You have a snake-like lower body.


Message History

Aiming: Freeze (safe; 3% risk of failure)
Press: ? - help, Shift-Dir - straight line, f/p - Natasha
Aim: Natasha You freeze Natasha.
Natasha is lightly wounded.
Natasha claws you.
Casting: Freeze (safe; 3% risk of failure)
Confirm with . or Enter, or press ? or * to list all spells.
Aiming: Freeze (safe; 3% risk of failure)
Press: ? - help, Shift-Dir - straight line, f/p - Natasha
Aim: Natasha (lightly wounded)
You freeze Natasha.
Natasha is heavily wounded.
Natasha closely misses you.
Casting: Freeze (safe; 3% risk of failure)
Confirm with . or Enter, or press ? or * to list all spells.
Aiming: Freeze (safe; 3% risk of failure)
Press: ? - help, Shift-Dir - straight line, f/p - Natasha
Aim: Natasha (heavily wounded)
You freeze Natasha.
Natasha is heavily wounded.
Natasha extends her claws.
Natasha claws you!
* * * LOW HITPOINT WARNING * * *
Casting: Freeze (safe; 3% risk of failure)
Confirm with . or Enter, or press ? or * to list all spells.
Aiming: Freeze (safe; 3% risk of failure)
Press: ? - help, Shift-Dir - straight line, f/p - Natasha
Aim: Natasha (heavily wounded)
You freeze Natasha.
Natasha is almost dead.
Natasha casts a spell.
Unknown command.
You can't do that yet.
You barely miss Natasha.
Natasha is almost dead.
You have got your breath back.
Natasha stares at you and mumbles some strange words.
The magic dart hits you!
You die...

...# #...########..#.# ...#
#...#............ ...#
#...#..........##
##'#########...#............
..<.......##...#......)....#
..........##...#............
..........##...#..........#
..........##...#5.........#
#######.........@h........#
###.......†.........#
#........##########
#........# #........#
#........# #........#
#........# #........#


You could see an iron imp (summoned) and Natasha.

Vanquished Creatures
  A bat (D:2)
  A giant cockroach (D:1)
  A goblin (D:2)
  4 hobgoblins (D:1)
  3 ball pythons
  A frilled lizard (D:1)
  A kobold (D:1)
  2 rats
14 creatures vanquished.

Notes
Turn   | Place    | Note
-------+----------+-------------------------------------------
     0 | D:1      | Powertoast the Naga Ice Elementalist began the quest for
                  | the Orb.
     0 | D:1      | Reached XP level 1. HP: 15/15 MP: 3/3
   135 | D:1      | Found a faded altar of an unknown god.
   284 | D:1      | Reached XP level 2. HP: 22/22 MP: 5/5
   960 | D:2      | Noticed Natasha
   972 | D:2      | Killed from afar by Natasha

Illustrated notes

Levels and vault maps discovered:
D:1:      lightli_molten_gateway, layout_basic, basic_ecumenical_altar
D:2:      layout_basic, uniq_natasha

Action                   || total
-------------------------++-------
Melee: Quarterstaff      ||    13
 Cast: Freeze            ||     4
 Abil: Spit Poison       ||    18
Armor: Robe              ||     1
Dodge: Dodged            ||     6
